[Event "Titled Tuesday Blitz April 25 Early 2023"]
[White "Rangel, Daniel"]
[Black "TartineDeNutella"]
[WhiteFideId "2124475"]
[WhiteElo "2256"]
[BlackElo "2624"]
[Result "0-1"]
[Round "06"]
[TimeControl "180+2"]
[Date "2023.04.25"]
[WhiteClock "0:00:47"]
[BlackClock "0:01:58"]

1. c4 e6 2. e4 d5 3. cxd5 exd5 4. exd5 Nf6 5. Nc3 Bd6 6. d4 O-O 7. Bd3 h6 8. Nge2 Nbd7 9. O-O Nb6 10. Nf4 Re8 11. Bc2 Bxf4 12. Bxf4 Nbxd5 13. Be5 Bg4 14. Qd2 Bh5 15. Rfe1 Qd7 16. Rac1 c6 17. h3 Bg6 18. Bxg6 fxg6 19. Rcd1 Kh7 20. Bxf6 Nxf6 21. Rxe8 Rxe8 22. d5 cxd5 23. Nxd5 Nxd5 24. Qxd5 Re1+ 25. Kh2 Rxd1 26. Qxd7 Rxd7 0-1


[Site "https://www.chess.com"]

[Event "Titled Tuesday Blitz April 25 Early 2023"]
[White "feuervogel1000000"]
[Black "Kozin, Yuri"]
[BlackFideId "4129920"]
[WhiteElo "2424"]
[BlackElo "2619"]
[Result "1-0"]
[Round "06"]
[TimeControl "180+2"]
[Date "2023.04.25"]
[WhiteClock "0:00:18"]
[BlackClock "0:00:05"]

1. e4 c5 2. Nf3 e6 3. d4 cxd4 4. Nxd4 Nf6 5. Nc3 d6 6. g4 h6 7. Rg1 Nc6 8. h4 d5 9. exd5 Nxd5 10. Nxd5 Qxd5 11. Be3 Bd7 12. Bg2 Qa5+ 13. c3 Be7 14. Nxc6 Bxc6 15. Bxc6+ bxc6 16. Qf3 Rc8 17. g5 hxg5 18. hxg5 g6 19. Rh1 Rxh1+ 20. Qxh1 Qb5 21. O-O-O Rb8 22. Rd2 Bf8 23. Qe4 Qf1+ 24. Rd1 Qb5 25. Rd2 Qf1+ 26. Kc2 Qb5 27. b3 Qf5 28. Qxf5 gxf5 29. a4 c5 30. Bf4 Rd8 31. Rxd8+ Kxd8 32. Kd3 Kd7 33. Bb8 a6 34. f4 Kc6 35. Be5 Be7 36. Kc4 Bf8 37. b4 cxb4 38. cxb4 Be7 39. Bd4 Bd6 40. b5+ axb5+ 41. axb5+ Kb7 42. Be3 Kc7 43. Bd2 Kb6 44. Be3+ Ka5 45. b6 Ka6 46. Kc3 Kb5 47. Kd2 Bb8 48. Ke2 Kc4 49. Kf3 Kd5 50. Bf2 Kc6 51. Kg3 Kd5 52. Kf3 Kc6 53. Bd4 Kd5 54. Be3 Kc6 55. Ke2 Kd5 56. Kd3 Bd6 57. Bd2 Kc6 58. Be3 Bb4 59. Kc4 Ba5 60. Bc5 Bxb6 61. Bxb6 Kxb6 62. Kd4 Kc6 63. Ke5 Kc5 64. Kf6 e5 65. Kxe5 Kc4 66. Kxf5 Kd4 67. Kf6 Ke4 68. Kxf7 Kxf4 69. g6 1-0


[Site "https://www.chess.com"]

[Event "Titled Tuesday Blitz April 25 Early 2023"]
[White "Smiechu"]
[Black "Ibadov, Dashgyn"]
[BlackFideId "24107514"]
[WhiteElo "2423"]
[BlackElo "2208"]
[Result "1-0"]
[Round "06"]
[TimeControl "180+2"]
[Date "2023.04.25"]
[WhiteClock "0:00:08"]
[BlackClock "0:00:01"]

1. e4 e6 2. d4 d5 3. Bd3 dxe4 4. Bxe4 Nf6 5. Bf3 c5 6. Ne2 Nc6 7. Be3 e5 8. Bxc6+ bxc6 9. dxe5 Qxd1+ 10. Kxd1 Ng4 11. Nd2 Be7 12. Nf3 Be6 13. h3 O-O-O+ 14. Ke1 Nxe3 15. fxe3 f6 16. Nf4 Bf5 17. Rd1 Bxc2 18. Rc1 Be4 19. Ke2 g5 20. Ne6 Rd5 21. exf6 Bxf6 22. Rxc5 Rxc5 23. Nxc5 Bd5 24. b3 h5 25. e4 Re8 26. Kd3 Bf7 27. Re1 Bg6 28. g4 Rh8 29. Kc4 hxg4 30. hxg4 Bf7+ 31. Kb4 Rh3 32. Rf1 Be7 33. Nxg5 Bxg5 34. Rxf7 Bd2+ 35. Kc4 Rc3+ 36. Kd4 Rg3 37. Nd3 Rxg4 38. Rxa7 Rg3 39. Rf7 Be3+ 40. Kc4 Rg2 41. Nb4 Bd2 42. Nxc6 Be3 43. Kd3 Bb6 44. e5 Rxa2 45. e6 Ra1 46. Rf8+ Kc7 47. e7 Re1 48. e8=Q Rxe8 49. Rxe8 Kxc6 50. Kc4 Bc7 51. Re6+ Kb7 52. Kb5 Bf4 53. Re7+ Kc8 54. Kc6 Kd8 55. Rh7 Bd2 56. Rh4 Be1 57. Re4 Bd2 58. b4 Bc3 59. b5 1-0


[Site "https://www.chess.com"]

[Event "Titled Tuesday Blitz April 25 Early 2023"]
[White "Koellner, Ruben Gideon"]
[Black "Alexikov, Alexander"]
[WhiteFideId "12993093"]
[BlackFideId "14103958"]
[WhiteElo "2314"]
[BlackElo "2186"]
[Result "1-0"]
[Round "06"]
[TimeControl "180+2"]
[Date "2023.04.25"]
[WhiteClock "0:00:13"]
[BlackClock "0:00:41"]

1. d4 Nf6 2. Nf3 g6 3. Nbd2 Bg7 4. e4 d6 5. Bc4 O-O 6. O-O Nxe4 7. Nxe4 d5 8. Bd3 dxe4 9. Bxe4 Nd7 10. c3 Nf6 11. Bc2 c6 12. Re1 Bg4 13. h3 Be6 14. Qe2 Re8 15. Ng5 Bd7 16. Bb3 e6 17. Nf3 Nd5 18. Bg5 Qc7 19. Rad1 h6 20. Bc1 a5 21. a4 Kh7 22. Ne5 Rf8 23. Bc2 Be8 24. h4 f6 25. Nc4 Bf7 26. h5 f5 27. hxg6+ Kxg6 28. Ne5+ Bxe5 29. dxe5 Kh7 30. Qd2 Rh8 31. Qxh6+ Kg8 32. Qg5+ Kf8 33. Qg3 Rd8 34. Bg5 Rd7 35. Bb1 Rg8 36. Qh4 Bg6 37. Bh6+ Ke8 38. c4 Nb4 39. Qf6 Re7 40. Rd6 Bf7 41. Bg5 Rd7 42. Red1 Rxd6 43. Rxd6 Rxg5 44. Qxg5 c5 45. Qh6 Nc6 46. Qh8+ Ke7 47. Qf6+ Ke8 48. g4 fxg4 49. Qh8+ Ke7 50. Qg7 Nd4 51. Bg6 Ke8 52. Qg8+ 1-0


[Site "https://www.chess.com"]

[Event "Titled Tuesday Blitz April 25 Early 2023"]
[White "BenchGM"]
[Black "Ezat, Mohamed"]
[BlackFideId "10600906"]
[WhiteElo "2398"]
[BlackElo "2386"]
[Result "0-1"]
[Round "06"]
[TimeControl "180+2"]
[Date "2023.04.25"]
[WhiteClock "0:00:54"]
[BlackClock "0:00:03"]

1. d4 Nf6 2. c4 d6 3. Nc3 g6 4. e4 Bg7 5. h3 O-O 6. Be3 e5 7. d5 a5 8. g4 Na6 9. Nge2 Nc5 10. Ng3 c6 11. Be2 cxd5 12. cxd5 Nfd7 13. h4 a4 14. h5 Qa5 15. Qd2 Re8 16. Bh6 Bh8 17. Nf5 gxf5 18. gxf5 Bf6 19. Rg1+ Kh8 20. Bg5 Qd8 21. O-O-O Rg8 22. Bh6 Nb6 23. Qe3 Bd7 24. Bb5 Rc8 25. Kb1 a3 26. b3 Nxb3 27. axb3 Rxc3 28. Qxc3 Bxb5 29. Qb4 Bd3+ 30. Ka2 Bc2 31. Rc1 Bd3 32. Qxb6 Qxb6 33. Rxg8+ Kxg8 34. Rc8+ Bd8 35. Bg5 Qxf2+ 36. Kxa3 Qa7+ 37. Kb2 Qd4+ 38. Ka3 f6 39. Bxf6 Kf7 40. Bxd8 Bxe4 41. Rc7+ Ke8 42. Bg5 Bxd5 43. Re7+ Kf8 44. f6 Bf7 45. Bh6+ Kg8 46. Rc7 Qa1+ 47. Kb4 Qa8 48. Kb5 Qe8+ 49. Kb6 e4 50. Re7 Qc6+ 51. Ka7 b5 52. Rb7 Qe8 53. Re7 Qc8 54. Rxe4 Qc5+ 55. Kb8 Qb6+ 56. Kc8 Qc6+ 57. Kd8 Qxe4 0-1


[Site "https://www.chess.com"]

[Event "Titled Tuesday Blitz April 25 Early 2023"]
[White "Hoffmann, Asa"]
[Black "Berezin, Viktor"]
[WhiteFideId "2001470"]
[BlackFideId "14107872"]
[WhiteElo "2117"]
[BlackElo "2310"]
[Result "1-0"]
[Round "06"]
[TimeControl "180+2"]
[Date "2023.04.25"]
[WhiteClock "0:00:54"]
[BlackClock "0:00:07"]

1. d4 Nf6 2. Bg5 Ne4 3. Bf4 d6 4. f3 Nf6 5. e4 Nbd7 6. Nc3 e5 7. Be3 Be7 8. Bc4 c6 9. Nge2 O-O 10. Qd2 b5 11. Bb3 a5 12. a4 b4 13. Nd1 Ba6 14. Nf2 exd4 15. Nxd4 Ne5 16. Nf5 d5 17. Qd4 Nc4 18. Bxc4 Bxc4 19. Ng4 Ne8 20. O-O-O Bf6 21. e5 Be7 22. h4 Nc7 23. Nxe7+ Qxe7 24. Bg5 Qd7 25. Bf6 Ne6 26. Qxc4 Qb7 27. Qd3 b3 28. c3 Qb6 29. Qf5 d4 30. Bxg7 Kxg7 31. Qf6+ Kg8 32. Nh6# 1-0


[Site "https://www.chess.com"]

[Event "Titled Tuesday Blitz April 25 Early 2023"]
[White "Grigoriants, Sergey"]
[Black "Risteski, Emil"]
[WhiteFideId "4130804"]
[BlackFideId "15005267"]
[WhiteElo "2502"]
[BlackElo "2251"]
[Result "1-0"]
[Round "06"]
[TimeControl "180+2"]
[Date "2023.04.25"]
[WhiteClock "0:00:05"]
[BlackClock "0:00:01"]

1. d4 Nf6 2. c4 a6 3. Nc3 c5 4. e3 e6 5. Nf3 d5 6. a3 dxc4 7. Bxc4 b5 8. Ba2 Bb7 9. O-O Bd6 10. dxc5 Bxc5 11. Qxd8+ Kxd8 12. Ne5 Ke7 13. Rd1 Nbd7 14. Nd3 Bb6 15. a4 Bc6 16. Nb4 Bb7 17. axb5 axb5 18. Nxb5 Ra4 19. Bd2 Ne4 20. Be1 Rha8 21. Na3 Bc5 22. Nbc2 Bc6 23. Rac1 g5 24. Bb3 R4a7 25. Bc4 Nd6 26. Be2 f5 27. Bb4 Ba4 28. Re1 g4 29. Bd3 Bxb4 30. Nxb4 Rb8 31. Nac2 Rab7 32. Na6 Ra8 33. b4 Ne5 34. Bf1 Bxc2 35. Rxc2 Rb6 36. b5 Nxb5 37. Bxb5 Rxb5 38. Nc7 Rc8 39. Rec1 Rbb8 40. Nd5+ exd5 41. Rxc8 Rb2 42. R8c2 Rb3 43. Ra2 h5 44. Rd1 h4 45. h3 gxh3 46. gxh3 Rb5 47. Kg2 Ng6 48. Kf3 Ke6 49. Ra6+ Kf7 50. Rda1 f4 51. Kg4 fxe3 52. fxe3 Rb4+ 53. Kg5 Ne7 54. Rf1+ Ke8 55. Kf6 Re4 56. Re6 1-0


[Site "https://www.chess.com"]

[Event "Titled Tuesday Blitz April 25 Early 2023"]
[White "Kubicka, Anna"]
[Black "Hambleton, Aman"]
[WhiteFideId "1152254"]
[BlackFideId "2606577"]
[WhiteElo "2144"]
[BlackElo "2511"]
[Result "0-1"]
[Round "06"]
[TimeControl "180+2"]
[Date "2023.04.25"]
[WhiteClock "0:00:12"]
[BlackClock "0:00:06"]

1. e4 b6 2. d4 Bb7 3. Nc3 e6 4. Nf3 Bb4 5. Bd3 Nf6 6. Qe2 d5 7. e5 Ne4 8. Bd2 Bxc3 9. bxc3 Nc6 10. O-O h6 11. h3 Na5 12. Nh2 Qd7 13. Rfe1 O-O-O 14. f3 Nxd2 15. Qxd2 Qa4 16. Reb1 Qa3 17. Nf1 c5 18. Ne3 Rd7 19. Bb5 Rc7 20. Bd3 cxd4 21. cxd4 Qc3 22. Qxc3 Rxc3 23. Nd1 Ra3 24. c3 Kd7 25. Rb2 Rc8 26. f4 Nc4 27. Rf2 f5 28. exf6 gxf6 29. Rc1 Nd6 30. Rcc2 Ba6 31. Bxa6 Rxa6 32. Rf3 Nf5 33. Re2 Ra3 34. Ne3 Nxe3 35. Rexe3 Rc6 36. f5 Rxa2 37. fxe6+ Rxe6 38. Rxe6 Kxe6 39. Re3+ Kf7 40. Kh2 Rc2 41. Kg3 a5 42. Kf3 a4 43. Re1 Rxc3+ 44. Kf4 b5 45. Rb1 Rb3 46. Rc1 a3 47. Rc7+ Ke6 48. Rc6+ Kd7 49. Ra6 b4 50. Kf5 Rb2 51. g4 a2 52. Kxf6 b3 53. Kg6 Rb1 54. Ra7+ Kc6 55. Ra6+ Kb7 56. Ra3 a1=Q 57. Rxa1 Rxa1 58. Kxh6 Rd1 59. h4 Rxd4 60. h5 Rxg4 61. Kh7 Kc7 62. h6 b2 63. Kh8 b1=Q 64. h7 Qb8# 0-1


[Site "https://www.chess.com"]

[Event "Titled Tuesday Blitz April 25 Early 2023"]
[White "Kuzmin, Roman"]
[Black "Goltsev, Dmitry"]
[WhiteFideId "44134932"]
[BlackFideId "24176710"]
[WhiteElo "2192"]
[BlackElo "2336"]
[Result "1-0"]
[Round "06"]
[TimeControl "180+2"]
[Date "2023.04.25"]
[WhiteClock "0:00:07"]
[BlackClock "0:00:25"]

1. e4 e6 2. d4 d5 3. Nc3 c5 4. Nf3 Nf6 5. exd5 exd5 6. Bb5+ Nc6 7. O-O Be7 8. dxc5 Bxc5 9. Be3 Bxe3 10. Re1 d4 11. Nxd4 O-O 12. fxe3 Ne5 13. h3 a6 14. Bd3 Re8 15. Nf3 Nc6 16. Qd2 Qb6 17. b3 Bd7 18. Kh1 Rad8 19. e4 Bc8 20. Rad1 h6 21. Nd5 Nxd5 22. exd5 Ne7 23. c4 Qd6 24. Qf2 Kh8 25. Ne5 Rf8 26. Nxf7+ Kg8 27. Nxd6 Rxf2 28. Rxe7 Rxd6 29. Re8+ Rf8 30. Rxf8+ Kxf8 31. Re1 b6 32. Kg1 Bd7 33. Kf2 g5 34. Ke3 Ke7 35. Kd4+ Kd8 36. Ke5 Kc7 37. Rf1 Be8 38. Rf6 Rd8 39. Rxh6 Bd7 40. b4 Re8+ 41. Kd4 Re1 42. c5 bxc5+ 43. bxc5 Rd1 44. Rh7 Kd8 45. c6 Bf5 46. Rg7 Bxd3 47. Ke5 Bc4 48. Rd7+ Kc8 49. Kf5 Bxd5 50. Kxg5 Rd2 51. g4 a5 52. h4 a4 53. h5 a3 54. h6 Rd3 55. h7 Rh3 56. Rxd5 Rxh7 57. Rd3 Ra7 58. Rc3 Rg7+ 59. Kh5 Rh7+ 60. Kg6 Rh1 61. Rxa3 Kc7 62. Rc3 Ra1 63. a3 Rg1 64. g5 Rg2 65. Kh6 Rh2+ 66. Kg7 Rh3 67. Rxh3 1-0


[Site "https://www.chess.com"]

[Event "Titled Tuesday Blitz April 25 Early 2023"]
[White "Csonka, Balazs"]
[Black "Salman, Pavel"]
[WhiteFideId "742910"]
[BlackFideId "24153753"]
[WhiteElo "2404"]
[BlackElo "2187"]
[Result "1-0"]
[Round "06"]
[TimeControl "180+2"]
[Date "2023.04.25"]
[WhiteClock "0:00:08"]
[BlackClock "0:00:28"]

1. d4 Nf6 2. c4 c5 3. d5 b5 4. cxb5 a6 5. Nc3 axb5 6. e4 d6 7. Bxb5+ Nbd7 8. f4 Ba6 9. Bc6 Rc8 10. e5 dxe5 11. fxe5 Rxc6 12. dxc6 Nxe5 13. Qxd8+ Kxd8 14. Nf3 Nd3+ 15. Kd2 g6 16. Kc2 Kc7 17. Bg5 Bg7 18. a3 Rb8 19. Rab1 Nf2 20. Bf4+ Kc8 21. Bxb8 Nxh1 22. Rxh1 Kxb8 23. Ne5 Kc7 24. Nxf7 Ng4 25. Re1 Bf6 26. Nd5+ Kxc6 27. Nxe7+ Kd7 28. Nd5 Bd4 29. h3 Nf2 30. Ng5 h6 31. Nf3 Bd3+ 32. Kc1 Be4 33. Nf4 Bxf3 34. gxf3 g5 35. Ne2 Nd3+ 36. Kd2 Nxe1 37. Nxd4 cxd4 38. Kxe1 Kd6 39. Kd2 Kd5 40. Kd3 Ke5 41. a4 h5 42. a5 Kf4 43. a6 Kxf3 44. a7 Kg3 45. a8=Q Kxh3 46. Qf3+ Kh4 47. Qh1+ Kg4 48. Qg2+ Kh4 49. b4 g4 50. b5 g3 51. b6 Kg4 52. b7 h4 53. b8=Q h3 54. Qbxg3+ Kh5 55. Q2h2 1-0


[Site "https://www.chess.com"]

[Event "Titled Tuesday Blitz April 25 Early 2023"]
[White "Starozhilov, Leonid"]
[Black "koncheto"]
[WhiteFideId "14106752"]
[WhiteElo "2352"]
[BlackElo "2509"]
[Result "1-0"]
[Round "06"]
[TimeControl "180+2"]
[Date "2023.04.25"]
[WhiteClock "0:01:11"]
[BlackClock "0:01:32"]

1. e4 d5 2. Nc3 dxe4 3. Nxe4 Qd5 4. d3 c5 5. Nf3 Nc6 6. c4 Qd7 7. Nxc5 Qc7 8. d4 e5 9. Nb3 exd4 10. Nbxd4 Bg4 11. Nxc6 Qxc6 12. Be2 Bb4+ 13. Bd2 O-O-O 14. O-O Bxf3 15. Bxf3 Rxd2 16. Bxc6 Rxd1 17. Bxb7+ Kxb7 18. Raxd1 Nf6 19. a3 Be7 20. Rfe1 Re8 21. b4 a5 22. Re5 axb4 23. axb4 Bxb4 24. Rb5+ 1-0


[Site "https://www.chess.com"]

[Event "Titled Tuesday Blitz April 25 Early 2023"]
[White "Belov, Alexei"]
[Black "Averjanov, Alexey"]
[WhiteFideId "4128206"]
[BlackFideId "14109867"]
[WhiteElo "2505"]
[BlackElo "2689"]
[Result "1-0"]
[Round "06"]
[TimeControl "180+2"]
[Date "2023.04.25"]
[WhiteClock "0:00:46"]
[BlackClock "0:02:00"]

1. e4 c6 2. d4 d5 3. Nd2 dxe4 4. Nxe4 Bf5 5. Ng3 Bg6 6. N1e2 e6 7. c3 Bd6 8. Nf4 Qc7 9. Qf3 Nf6 10. h4 Bxf4 11. Bxf4 Qb6 12. b3 h6 13. h5 Bh7 14. Bd6 Nbd7 15. Be2 O-O-O 16. O-O c5 17. dxc5 Nxc5 18. Be7 Rd2 19. Qe3 Rd7 20. Qxc5+ Qxc5 21. Bxc5 Rd2 22. Rfd1 Rc2 23. Bd4 Nd5 24. Bd3 Bxd3 25. Rxd3 Nf4 26. Rf3 Nd5 27. Rxf7 e5 28. Bxe5 Re8 29. Bxg7 Nxc3 30. Bxh6 Nxa2 31. Rf8 Rxf8 32. Bxf8 Nc3 33. h6 1-0


[Site "https://www.chess.com"]

[Event "Titled Tuesday Blitz April 25 Early 2023"]
[White "Goltseva, Ekaterina"]
[Black "Rendle, Thomas E"]
[WhiteFideId "24173770"]
[BlackFideId "408760"]
[WhiteElo "2200"]
[BlackElo "2428"]
[Result "1-0"]
[Round "06"]
[TimeControl "180+2"]
[Date "2023.04.25"]
[WhiteClock "0:00:22"]
[BlackClock "0:00:56"]

1. d4 Nf6 2. c4 g6 3. Nc3 Bg7 4. e4 d6 5. Nge2 e5 6. d5 Na6 7. Ng3 h5 8. h4 Nd7 9. Be2 Bf6 10. Be3 Bxh4 11. Nf1 Bg5 12. Qd2 Bxe3 13. Nxe3 Qg5 14. O-O-O Nac5 15. b4 Na6 16. a3 Nf6 17. c5 dxc5 18. Bxa6 bxa6 19. bxc5 O-O 20. f3 Rb8 21. Nc4 Qxd2+ 22. Rxd2 Nd7 23. c6 Nc5 24. Kc2 f6 25. d6 Be6 26. dxc7 Rbc8 27. Nd5 Rxc7 28. Nxc7 Bxc4 29. Kc3 Bf7 30. Rhd1 Nb3 31. Rd8 Nd4 32. Rxf8+ Kxf8 33. Nd5 Nxc6 34. Nxf6 Ke7 35. Nd5+ Kd6 36. Nb4+ Nd4 37. Nc2 1-0


[Site "https://www.chess.com"]

[Event "Titled Tuesday Blitz April 25 Early 2023"]
[White "Degenbaev, Aziz"]
[Black "Aaditya Dhingra"]
[WhiteFideId "13802640"]
[BlackFideId "25678191"]
[WhiteElo "2152"]
[BlackElo "2083"]
[Result "0-1"]
[Round "06"]
[TimeControl "180+2"]
[Date "2023.04.25"]
[WhiteClock "0:01:56"]
[BlackClock "0:01:39"]

1. e4 c6 2. d4 d5 3. e5 Bf5 4. Nd2 e6 5. Nb3 Nd7 6. Nf3 h6 7. Be2 g5 8. O-O Ne7 9. a4 Bg6 10. a5 a6 11. Bd2 Nf5 12. Ne1 c5 13. c3 c4 14. Nc1 f6 15. g4 Nh4 16. f4 gxf4 17. Bxf4 fxe5 18. dxe5 Bc5+ 19. Kh1 Be4+ 20. Nf3 O-O 21. Bg3 Nxf3 22. Bxf3 Rxf3 23. Rxf3 Qg5 0-1


[Site "https://www.chess.com"]

[Event "Titled Tuesday Blitz April 25 Early 2023"]
[White "Erzhanov, Arman"]
[Black "Prohaszka, Peter"]
[WhiteFideId "4138821"]
[BlackFideId "726265"]
[WhiteElo "2138"]
[BlackElo "2626"]
[Result "0-1"]
[Round "06"]
[TimeControl "180+2"]
[Date "2023.04.25"]
[WhiteClock "0:00:11"]
[BlackClock "0:01:13"]

1. e4 c6 2. d4 d5 3. exd5 cxd5 4. c4 Nf6 5. Nc3 Nc6 6. Nf3 Be6 7. Bg5 g6 8. Bxf6 exf6 9. c5 h5 10. Bb5 g5 11. O-O Bg7 12. Re1 Kf8 13. Bxc6 bxc6 14. Qa4 Qc7 15. b4 h4 16. b5 g4 17. Nd2 g3 18. fxg3 hxg3 19. h3 Qf4 20. Re2 Bg4 21. Rf1 Qh6 22. b6 Bxe2 23. Nxe2 Qe3+ 24. Kh1 Qxe2 25. b7 Rxh3+ 26. Kg1 Qe3+ 27. Rf2 Qxf2# 0-1


[Site "https://www.chess.com"]

[Event "Titled Tuesday Blitz April 25 Early 2023"]
[White "Williams, Simon K"]
[Black "Karas, Marek"]
[WhiteFideId "404454"]
[BlackFideId "14928558"]
[WhiteElo "2468"]
[BlackElo "2233"]
[Result "1-0"]
[Round "06"]
[TimeControl "180+2"]
[Date "2023.04.25"]
[WhiteClock "0:00:17"]
[BlackClock "0:00:09"]

1. e4 e6 2. d4 d5 3. e5 c5 4. c3 Qb6 5. Nf3 Bd7 6. h4 h6 7. h5 Bb5 8. c4 Bxc4 9. Bxc4 dxc4 10. d5 exd5 11. Qxd5 Ne7 12. Qxc4 Qb4+ 13. Qxb4 cxb4 14. Nbd2 Nbc6 15. Ne4 Nf5 16. O-O Be7 17. Rd1 Rd8 18. Rxd8+ Kxd8 19. Bf4 Kc8 20. Rc1 Rd8 21. g4 Nd4 22. Nxd4 Rxd4 23. f3 Kd7 24. Kf2 Rd5 25. Ng3 Nxe5 26. Bxe5 Rxe5 27. Nf5 Bf6 28. Rd1+ Kc7 29. Nd6 Re7 30. b3 a6 31. Ne4 Be5 32. Rd5 Kb6 33. Ke3 Bc3 34. Kd3 Kc6 35. Rd6+ Kc7 36. Rd5 Kc6 37. Rc5+ Kb6 38. Kc4 Rd7 39. Rd5 Re7 40. a4 Rc7+ 41. Kd3 Re7 42. a5+ Ka7 43. Kc4 Rc7+ 44. Rc5 Rd7 45. Rd5 Rc7+ 46. Kd3 Re7 47. Nd6 f6 48. Nc8+ 1-0


[Site "https://www.chess.com"]

[Event "Titled Tuesday Blitz April 25 Early 2023"]
[White "Rios Escobar, Adan"]
[Black "Chernobay, Artem"]
[WhiteFideId "3403645"]
[BlackFideId "4167406"]
[WhiteElo "2491"]
[BlackElo "2474"]
[Result "1-0"]
[Round "06"]
[TimeControl "180+2"]
[Date "2023.04.25"]
[WhiteClock "0:00:04"]
[BlackClock "0:00:08"]

1. d4 Nf6 2. g3 c5 3. d5 e6 4. c4 exd5 5. cxd5 d6 6. Nc3 a6 7. a4 g6 8. Nf3 Bg7 9. Bg2 O-O 10. O-O Re8 11. Re1 Ne4 12. Nxe4 Rxe4 13. Qc2 Rb4 14. Nd2 Nd7 15. e4 Rb8 16. f4 b5 17. axb5 R8xb5 18. Ra2 c4 19. Nxc4 Nc5 20. e5 Bf5 21. Qc3 dxe5 22. fxe5 Nd3 23. Nd6 Rb3 24. Qd2 Bxe5 25. Nxb5 axb5 26. Rxe5 Nxe5 27. d6 Rd3 28. Ra8 Bc8 29. Qc2 Qb6+ 30. Kh1 Kg7 31. Rxc8 Ng4 32. h3 Nf2+ 33. Kh2 Qxd6 34. Qxf2 Rd1 35. Rc2 h5 36. Bf4 Qe6 37. Qe2 Qd7 38. Be5+ Kh7 39. Bc3 h4 40. Qe5 hxg3+ 41. Qxg3 Rd5 42. Rf2 Rc5 43. Qh4+ Rh5 44. Qf4 Kg8 45. Qd4 Qc7+ 46. Kg1 Kf8 47. Qg7+ Ke8 48. Re2+ Kd8 49. Qf8+ Kd7 50. Rd2+ Ke6 51. Qe8+ Kf5 52. Rf2+ Kg5 53. Qe3+ Kh4 54. Qe4+ Kg5 55. Bd2+ 1-0


[Site "https://www.chess.com"]

[Event "Titled Tuesday Blitz April 25 Early 2023"]
[White "Mamedov, Edgar"]
[Black "Heinemann, Josefine"]
[WhiteFideId "13739980"]
[BlackFideId "12900460"]
[WhiteElo "2330"]
[BlackElo "2342"]
[Result "1-0"]
[Round "06"]
[TimeControl "180+2"]
[Date "2023.04.25"]
[WhiteClock "0:02:06"]
[BlackClock "0:00:34"]

1. d4 d5 2. Bg5 h6 3. Bh4 c6 4. c3 Bf5 5. Nd2 g5 6. Bg3 e6 7. h4 Bg7 8. hxg5 hxg5 9. Rxh8 Bxh8 10. Ngf3 g4 11. Ne5 Nd7 12. Nxd7 Qxd7 13. e3 Nf6 14. Qa4 Ne4 15. Nxe4 Bxe4 16. O-O-O a5 17. Be2 b5 18. Qa3 Bf6 19. Bd6 Be7 20. Bc5 Bxg2 21. Rg1 Bh3 22. Bxg4 Bxg4 23. Rxg4 Kf8 24. Bxe7+ Qxe7 25. Rg8+ 1-0


[Site "https://www.chess.com"]

[Event "Titled Tuesday Blitz April 25 Early 2023"]
[White "Fernandez Siles, Luis"]
[Black "Hamitevici, Vladimir"]
[WhiteFideId "2209420"]
[BlackFideId "13902393"]
[WhiteElo "2195"]
[BlackElo "2401"]
[Result "0-1"]
[Round "06"]
[TimeControl "180+2"]
[Date "2023.04.25"]
[WhiteClock "0:00:03"]
[BlackClock "0:00:15"]

1. e4 e5 2. Nf3 Nc6 3. Bb5 a6 4. Ba4 d6 5. O-O Bd7 6. c3 g6 7. d4 Bg7 8. d5 Nb8 9. Bxd7+ Nxd7 10. c4 h6 11. Nc3 f5 12. exf5 gxf5 13. Re1 Kf8 14. g3 Bf6 15. Be3 Ne7 16. Qd2 Kg7 17. Kh1 Qe8 18. Qe2 Qg6 19. Nh4 Bxh4 20. gxh4 Kh7 21. Rg1 Qf7 22. h5 Rhg8 23. f4 Nf6 24. fxe5 dxe5 25. Raf1 Qxh5 26. Qxh5 Nxh5 27. Rxg8 Rxg8 28. Bc5 Re8 29. Bxe7 Rxe7 30. Rxf5 Ng7 31. Rf2 e4 32. Re2 e3 33. c5 Nf5 34. d6 cxd6 35. cxd6 Rd7 36. Ne4 Kg6 37. Kg2 Nxd6 38. Nxd6 Rxd6 39. Kf3 Kf5 40. Rxe3 Rd2 41. Rb3 b5 42. h4 Rd4 43. h5 Kg5 44. Rc3 Rc4 45. Rd3 Rc5 46. Rd6 a5 0-1


[Site "https://www.chess.com"]

[Event "Titled Tuesday Blitz April 25 Early 2023"]
[White "Khamdamova, Afruza"]
[Black "polandchessplayer"]
[WhiteFideId "14210444"]
[WhiteElo "2210"]
[BlackElo "2612"]
[Result "1-0"]
[Round "06"]
[TimeControl "180+2"]
[Date "2023.04.25"]
[WhiteClock "0:00:23"]
[BlackClock "0:00:17"]

1. e4 c6 2. d4 d5 3. Nc3 dxe4 4. Nxe4 Nf6 5. Qd3 Nbd7 6. Nf3 e6 7. Be2 Be7 8. O-O O-O 9. Bf4 Nxe4 10. Qxe4 Nf6 11. Qd3 b6 12. Ne5 Bb7 13. Bf3 Rc8 14. c4 Bd6 15. Rad1 Qe7 16. Bg5 Rfd8 17. Ng4 Bb8 18. g3 Rd7 19. Qd2 h5 20. Nxf6+ gxf6 21. Bh4 Kg7 22. Bxh5 Rh8 23. Bf3 Qd6 24. Rfe1 c5 25. Bxb7 Rxb7 26. dxc5 Qxc5 27. Qd4 Qf5 28. Re4 Be5 29. Rg4+ Kh7 30. Qe4 Qxe4 31. Rxe4 Bxb2 32. Re2 Be5 33. f4 Bc3 34. Rd3 Bb4 35. Bxf6 Rc8 36. Re4 Rbc7 37. a3 Bf8 38. Be5 Rxc4 39. Rxc4 Rxc4 40. Rd7 Kg6 41. Rxa7 b5 42. Ra8 Rc2 43. Rxf8 1-0


[Site "https://www.chess.com"]

[Event "Titled Tuesday Blitz April 25 Early 2023"]
[White "Shuvalov, Evgenij"]
[Black "Brunner, Nicolas"]
[WhiteFideId "4187237"]
[BlackFideId "620246"]
[WhiteElo "2080"]
[BlackElo "2327"]
[Result "1/2-1/2"]
[Round "06"]
[TimeControl "180+2"]
[Date "2023.04.25"]
[WhiteClock "0:00:59"]
[BlackClock "0:00:07"]

1. d4 d5 2. c4 e6 3. Nc3 Be7 4. cxd5 exd5 5. Nf3 c6 6. Bf4 Nf6 7. e3 Bf5 8. Bd3 Bxd3 9. Qxd3 Nbd7 10. O-O O-O 11. h3 Re8 12. Ne5 Nxe5 13. Bxe5 Bd6 14. Bxd6 Qxd6 15. Rab1 a5 16. Qc2 Ne4 17. Nxe4 Rxe4 18. Rfc1 f5 19. Qc5 Qxc5 20. Rxc5 f4 21. Rc3 Rae8 22. Re1 Rxd4 23. Re2 fxe3 24. Rcxe3 Rxe3 25. fxe3 Rd1+ 26. Kf2 Kf7 27. Kf3 Ke6 28. e4 d4 29. Rc2 Re1 30. b3 Re3+ 31. Kf4 Rc3 32. Rd2 c5 33. h4 b5 34. g4 a4 35. bxa4 bxa4 36. h5 a3 37. g5 d3 38. Ke3 c4 39. h6 gxh6 40. gxh6 Rc1 41. Rg2 Ra1 42. Kd4 Rc1 43. Ke3 Rc2 44. Rxc2 dxc2 45. Kd2 Ke5 46. Kxc2 Kxe4 47. Kc3 Kd5 48. Kc2 Kd4 49. Kd2 Kd5 50. Kc3 Kc5 51. Kc2 Kd4 52. Kd2 c3+ 53. Kc2 Kc4 54. Kc1 Kd3 55. Kd1 Ke4 56. Kc2 Kd4 57. Kc1 Kc5 58. Kc2 Kb4 59. Kd3 c2 60. Kxc2 Kc4 61. Kd2 Kd4 62. Kc2 Kc4 63. Kd2 Kd4 64. Kc2 Kc4 1/2-1/2


[Site "https://www.chess.com"]

[Event "Titled Tuesday Blitz April 25 Early 2023"]
[White "Kubatko, Ivan"]
[Black "Vlassov, Nikolai"]
[WhiteFideId "24111473"]
[BlackFideId "4103360"]
[WhiteElo "2285"]
[BlackElo "2324"]
[Result "1-0"]
[Round "06"]
[TimeControl "180+2"]
[Date "2023.04.25"]
[WhiteClock "0:00:05"]
[BlackClock "0:00:01"]

1. e4 c5 2. Nc3 g6 3. f4 Bg7 4. Nf3 d6 5. Bc4 a6 6. a4 Nc6 7. d3 e6 8. f5 gxf5 9. O-O Nge7 10. Qe1 fxe4 11. dxe4 Ng6 12. Kh1 Nce5 13. Ba2 Bd7 14. Qg3 Qe7 15. Bg5 f6 16. Be3 O-O-O 17. Rfd1 Bc6 18. Qh3 Bd7 19. Rab1 h5 20. Ne2 Ng4 21. Bg1 e5 22. Qg3 h4 23. Qe1 h3 24. g3 f5 25. Nc3 fxe4 26. Nxe4 Bc6 27. Bd5 Qc7 28. c4 Bxd5 29. cxd5 Kb8 30. Nfg5 Nf8 31. Qe2 Nf6 32. Nxf6 Bxf6 33. Ne4 Be7 34. b4 c4 35. b5 a5 36. b6 Qc8 37. Rdc1 Qf5 38. Rxc4 Rc8 39. Rf1 Qg6 40. Rfc1 Nd7 41. Rc7 1-0


[Site "https://www.chess.com"]